General information
			
			
        
        - name: BNet
 
        - type: Ladder team game (AT/RT)
 
        - host: Battle.net
 
        - saver: thelaghotel
 
        
map: TurtleRock 
        - players: 4
 
        - length: 18:59
 
        - speed: Fast
 - version: 1.22 W3XP
 - replay type:  Public
 
» download(106 KB)
Players
        team 1 (winner) 
              
              
» 
thelaghotel (
blue | 96 APM | 1829 actions | 18:59)
              
 5 Tauren Chieftain 
 3 Endurance Aura
 2 War Stomp
 3 Pandaren Brewmaster 
 2 Breath of Fire
 1 Drunken Haze
 
                » actions 
                
                | Assign group hotkey | 260 |  | 
| Basic commands | 62 |  | 
| Build / train | 61 |  | 
| ESC pressed | 1 |  | 
| Enter build submenu | 14 |  | 
| Enter hero's abilities submenu | 8 |  | 
| Give item / drop item | 1 |  | 
| Remove unit from queue | 1 |  | 
| Right click | 847 |  | 
| Select / deselect | 389 |  | 
| Select group hotkey | 92 |  | 
| Use ability | 93 |  | 
                1829 total
 » units 
                
                | Peon | 5 |  | 
| Grunt | 13 |  | 
| Troll Witch Doctor | 6 |  | 
| Wind Rider | 4 |  | 
| Raider | 2 |  | 
                30 total
 » upgrades
                
                | Berserker Strength | 1 |  | 
| Witch Doctor Training | 2 |  | 
| Ensnare | 1 |  | 
| Envenomed Spears | 1 |  | 
                5 total
 » buildings
                
                | Altar of Storms | 1 |  | 
| Barracks | 1 |  | 
| Orc Burrow | 7 |  | 
| Voodoo Lounge | 1 |  | 
| Stronghold | 1 |  | 
| Spirit Lodge | 1 |  | 
| Fortress | 1 |  | 
| Beastiary | 1 |  | 
                14 total
 » build order
                00:11 Altar of Storms
00:15 Barracks
00:30 Orc Burrow
01:42 Orc Burrow
02:14 Voodoo Lounge
03:32 Orc Burrow
06:00 Stronghold
06:10 Orc Burrow
08:08 Orc Burrow
09:17 Spirit Lodge
09:18 Fortress
10:45 Beastiary
16:48 Orc Burrow
16:50 Orc Burrow
» items
                
                | Healing Salve | 3 |  | 
| Scroll of Speed | 3 |  | 
| Lesser Clarity Potion | 4 |  | 
| Scroll of Town Portal | 2 |  | 
                12 total
  
               
              
              
blade15x (
red | 63 APM | 1202 actions | 18:56)
              
 5 Blademaster 
 3 Wind Walk
 2 Critical Strike
 2 Shadow Hunter 
 1 Healing Wave
 1 Serpent Ward
 
                » actions 
                
                | Assign group hotkey | 11 |  | 
| Basic commands | 54 |  | 
| Build / train | 58 |  | 
| Enter build submenu | 12 |  | 
| Enter hero's abilities submenu | 7 |  | 
| Give item / drop item | 2 |  | 
| Remove unit from queue | 3 |  | 
| Right click | 627 |  | 
| Select / deselect | 358 |  | 
| Select group hotkey | 17 |  | 
| Use ability | 53 |  | 
                1202 total
 » units 
                » upgrades
                
                | Armor | 2 |  | 
| Berserker Strength | 1 |  | 
| Melee Weapons | 2 |  | 
| Pulverize | 1 |  | 
                6 total
 » buildings
                
                | Altar of Storms | 1 |  | 
| Orc Burrow | 5 |  | 
| Barracks | 1 |  | 
| Voodoo Lounge | 1 |  | 
| War Mill | 1 |  | 
| Stronghold | 1 |  | 
| Fortress | 1 |  | 
| Tauren Totem | 1 |  | 
                12 total
 » build order
                00:11 Altar of Storms
00:22 Orc Burrow
00:38 Barracks
01:37 Orc Burrow
01:57 Voodoo Lounge
02:30 War Mill
03:13 Orc Burrow
03:45 Stronghold
06:31 Fortress
07:21 Orc Burrow
08:06 Orc Burrow
09:24 Tauren Totem
» items
                
                | Healing Salve | 4 |  | 
| Lesser Clarity Potion | 5 |  | 
                9 total
  
               team 2 (loser) 
              
              
1)eath.Wish (
purple | 82 APM | 1554 actions | 18:55)
              
 4 Demon Hunter 
 2 Mana Burn
 2 Evasion
 4 Naga Sea Witch 
 2 Frost Arrows
 2 Forked Lightning
 
                » actions 
                
                | Assign group hotkey | 94 |  | 
| Basic commands | 197 |  | 
| Build / train | 56 |  | 
| Enter build submenu | 14 |  | 
| Enter hero's abilities submenu | 8 |  | 
| Give item / drop item | 1 |  | 
| Right click | 728 |  | 
| Select / deselect | 220 |  | 
| Select group hotkey | 169 |  | 
| Use ability | 67 |  | 
                1554 total
 » units 
                
                | Wisp | 10 |  | 
| Archer | 11 |  | 
| Dryad | 4 |  | 
| Druid of the Claw | 5 |  | 
                30 total
 » upgrades
                
                | Druid of the Claw Training | 2 |  | 
| Abolish Magic | 1 |  | 
| Improved Bows | 1 |  | 
                4 total
 » buildings
                
                | Altar of Elders | 1 |  | 
| Moon Well | 5 |  | 
| Ancient of War | 1 |  | 
| Tree of Ages | 1 |  | 
| Hunter's Hall | 1 |  | 
| Ancient of Lore | 2 |  | 
| Tree of Eternity | 1 |  | 
| Ancient of Wonders | 1 |  | 
                13 total
 » build order
                00:09 Altar of Elders
00:24 Moon Well
00:38 Ancient of War
01:45 Moon Well
03:18 Tree of Ages
03:41 Moon Well
04:30 Hunter's Hall
05:45 Ancient of Lore
05:49 Ancient of Lore
06:43 Tree of Eternity
10:40 Moon Well
11:38 Moon Well
16:10 Ancient of Wonders
» items
                
                | Scroll of Healing | 4 |  | 
| Scroll of Town Portal | 2 |  | 
| Scroll of Protection | 1 |  | 
| Orb of Venom | 1 |  | 
| Potion of Healing | 1 |  | 
                9 total
  
               
              
              
Spanishiwa (
green | 101 APM | 1827 actions | 18:04)
              
 3 Mountain King 
 1 Storm Bolt
 2 Thunder Clap
 
                » actions 
                
                | Assign group hotkey | 16 |  | 
| Basic commands | 80 |  | 
| Build / train | 58 |  | 
| ESC pressed | 1 |  | 
| Enter build submenu | 15 |  | 
| Enter hero's abilities submenu | 3 |  | 
| Right click | 771 |  | 
| Select / deselect | 343 |  | 
| Select group hotkey | 474 |  | 
| Use ability | 66 |  | 
                1827 total
 » units 
                
                | Peasant | 11 |  | 
| Footman | 4 |  | 
| Rifleman | 20 |  | 
                35 total
 » upgrades
                
                | Defend | 1 |  | 
| Long Rifles | 1 |  | 
| Gunpowder | 1 |  | 
                3 total
 » buildings
                
                | Barracks | 2 |  | 
| Altar of Kings | 1 |  | 
| Farm | 6 |  | 
| Scout Tower | 1 |  | 
| Arcane Vault | 1 |  | 
| Arcane Tower | 1 |  | 
| Blacksmith | 1 |  | 
| Keep | 1 |  | 
                14 total
 » build order
                01:07 Barracks
01:09 Altar of Kings
01:11 Barracks
01:14 Farm
01:21 Farm
02:00 Farm
02:39 Farm
03:33 Scout Tower
03:36 Arcane Vault
04:03 Farm
04:04 Arcane Tower
04:16 Blacksmith
06:06 Farm
06:26 Keep
» items
                
                | Scroll of Regeneration | 4 |  | 
| Lesser Clarity Potion | 3 |  | 
| Scroll of Town Portal | 1 |  | 
| Staff of Teleportation | 1 |  | 
| Potion of Healing | 2 |  | 
| Potion of Mana | 2 |  | 
                13 total
  
                Chat log
          (00:04 / All) thelaghotel: DC
(00:05 / All) thelaghotel: hax
(00:17 / All) thelaghotel: =(
(00:28 / Allies) blade15x: sup
(00:34 / Allies) thelaghotel: yo
(00:42 / Allies) thelaghotel: u pro?
(00:45 / Allies) thelaghotel: i got tc
(00:47 / Allies) thelaghotel: u go bm?
(00:50 / Allies) blade15x: k
(02:11 / Allies) blade15x: wisp coming to u
(04:53 / Allies) blade15x: omw
(06:05 / Allies) thelaghotel: im fine
(06:13 / Allies) thelaghotel: just got a burrow
(06:15 / Allies) thelaghotel: a grunt
(06:16 / Allies) thelaghotel: and tc
(06:32 / Allies) thelaghotel: if i hadn't been done creeping
(06:33 / Allies) thelaghotel: when they rushed
(06:34 / Allies) thelaghotel: me
(06:35 / Allies) thelaghotel: life faggots
(06:39 / Allies) thelaghotel: woulda raped them w/o losses
(06:41 / Allies) blade15x: yea
(06:56 / Allies) thelaghotel: hit human
(07:10 / Allies) blade15x: ok
(07:55 / All) thelaghotel: wonder who creeped that
(07:59 / All) thelaghotel: mad eu waste two tps?
(08:07 / All) Spanishiwa: waste?
(08:11 / All) thelaghotel: yea
(08:14 / All) thelaghotel: lvl 1 hero
(08:15 / All) thelaghotel: nub
(10:07 / Allies) thelaghotel: gj
(10:08 / Allies) thelaghotel: raped human
(10:12 / Allies) blade15x: u2
(10:12 / Allies) thelaghotel: 1 peasant
(10:26 / Allies) thelaghotel: almost tier
(10:27 / Allies) thelaghotel: 3
(10:29 / Allies) thelaghotel: than zerk
(10:31 / Allies) blade15x: i am
(10:33 / Allies) thelaghotel: or link?
(10:34 / Allies) blade15x: tauren
(10:38 / Allies) thelaghotel: get lust
(10:42 / Allies) thelaghotel: i got witches
(10:51 / Allies) blade15x: just tauren
(10:56 / Allies) thelaghotel: k
(10:58 / Allies) thelaghotel: i get witches
(11:00 / Allies) thelaghotel: and riders
(11:02 / Allies) thelaghotel: for dryad
(11:02 / Allies) blade15x: ok
(11:05 / Allies) blade15x: yea
(11:23 / Allies) thelaghotel: rdy to hit again soon?
(11:27 / Allies) thelaghotel: just focus on impairing human
(11:38 / Allies) blade15x: yea im rdy
(11:46 / Allies) blade15x: meet mi
(11:48 / Allies) blade15x: mid
(12:23 / Allies) thelaghotel: scroll
(12:24 / Allies) thelaghotel: to back
(13:56 / Allies) thelaghotel: u dont have hex
(13:58 / Allies) thelaghotel: for sh?
(14:29 / Allies) blade15x: y did u out
(14:41 / Allies) thelaghotel: tc was trapped
(16:23 / Allies) blade15x: coomnig
(16:37 / Allies) blade15x: lets get him
(16:40 / Allies) thelaghotel: k
(16:41 / Allies) blade15x: target heros
(16:41 / Allies) thelaghotel: now
(17:25 / Allies) thelaghotel: dusa
(17:26 / Allies) thelaghotel: now
(17:51 / Allies) thelaghotel: for gg
(17:52 / Allies) thelaghotel: gj
(17:53 / Allies) thelaghotel: this game
(18:07 / All) blade15x: gg
(18:10 / All) thelaghotel: gg
(18:21 / All) thelaghotel: <3 pillage
(18:44 / Allies) thelaghotel: lvl 3 endurance aura
(18:46 / Allies) thelaghotel: = pwnage